[Event "44th Chess Olympiad Open 2022"]
[Site "Chennai"]
[Date "2022.07.29"]
[Round "1.40"]
[White "Suleymenov, Alisher"]
[Black "Yan, Austin K"]
[Result "1-0"]
[WhiteElo "2467"]
[BlackElo "1568"]
[Annotator "ChessBase"]
[PlyCount "61"]
[EventDate "2022.??.??"]
[TimeControl "60"]

1. d4 d5 2. c4 c6 3. Nc3 Nf6 4. e3 e6 5. Nf3 Nbd7 6. Be2 Bd6 7. O-O O-O 8. b3 dxc4 9. bxc4 e5 10. Bb2 Re8 11. Qc2 e4 12. Nd2 Nf8 13. d5 Qe7 14. Rad1 Bf5 15.
Nb3 Ng6 16. c5 Bxc5 17. Nb5 cxb5 18. Qxc5 a6 19. d6 Qd7 20. Bxf6 gxf6 21. Qb6 Bg4 22. Nc5 Qf5 23. Bxg4 Qxg4 24. h3 Qf5 25. d7 Red8 26. f3 exf3 27. Rxf3 Qe5 28. Nxb7 Nh4 29. Rf4 Ng6 30. Nxd8 Nxf4 31. exf4 1-0

[Event "44th Chess Olympiad Open 2022"]
[Site "Chennai"]
[Date "2022.07.29"]
[Round "1.40"]
[White "Urazayev, Arystanbek"]
[Black "Hsu, Hsuan-Ming"]
[Result "1/2-1/2"]
[WhiteElo "2430"]
[BlackElo "1900"]
[Annotator "RC"]
[PlyCount "70"]
[EventDate "2022.??.??"]
[TimeControl "60"]

1. d4 Nf6 2. c4 g6 3. Nc3 Bg7 4. e4 d6 5. Be2 O-O 6. Be3 e5 7. d5 a5 8. h4 h5 9. f3 Na6 10. Qd2 Nc5 11. O-O-O Bd7 12. Nh3 Ra6 13. Nf2 a4 14. Nd3 Qe7 15.
Kb1 Rfa8 16. Qc2 Rb6 17. Nxc5 dxc5 18. Nb5 Ne8 19. g4 f5 20. gxf5 gxf5 21. Rdg1 f4 22. Bf2 Rh6 23. Rg5 Kh7 24. Rhg1 Bf6 25. Rg8 b6 26. Nc3 Qf7 27. R8g2 Nd6 28. Bd3 Bh3 29. Rh2 Bd7 30. Ne2 Kh8 31. Qc3 Re8 32. Bc2 Rh7 33. Rhg2 Rg7 34. Rg3 Rg6 35. Rxg6 Bg7 1/2-1/2

[Event "44th Chess Olympiad Open 2022"]
[Site "Chennai"]
[Date "2022.07.29"]
[Round "1.40"]
[White "Liu, Yeh Yang"]
[Black "Kazhgaleyev, Murtas"]
[Result "1/2-1/2"]
[WhiteElo "1994"]
[BlackElo "2536"]
[Annotator "TA"]
[PlyCount "149"]
[EventDate "2022.??.??"]
[TimeControl "60"]

1. e4 c5 2. Nf3 d6 3. c3 Nf6 4. Be2 Bg4 5. e5 dxe5 6. Nxe5 {[%emt 0:
00:00] B50: Sicilian: 2...d6, Miscellaneous.} Bxe2 7. Qxe2 ({Reject} 7. Kxe2 Qd5 8. d4 Nc6 $15) 7... Nbd7 8. Nc4 e6 {[%emt 0:01:04] [#]} 9. a4 $146 ({Predecessor:} 9. O-O Be7 10. d3 b5 11. Nca3 a6 12. Bf4 O-O
13. Nc2 Nd5 14. Bg3 Bf6 15. Ne3 {½-½ (70) Portmann,D (2100)-Aranovitch,E 
(2278) Lugano 2006}) 9... Be7 10. O-O O-O 11. d3 Nb8 12. Bf4 Nc6 13. Nba3 Qd7 14.
Rad1 Rfd8 15. Bg3 b6 16. Rfe1 Nd5 17. Qg4 Bf8 18. h4 Nf6 19. Qe2 h6 20. Nb5 Qb7 21. Qf3 Nd5 22. d4 cxd4 $1 23. Nxd4 Rac8 (23... Nxd4 $11 {keeps the balance.} 24. Rxd4 Qd7) 24. Nb5 $1 $16 Qa6 25. b3 Rd7 26.
Ne3 Rcd8 27. Nxd5 $1 exd5 28. Bc7 Rc8 {[%emt 0:00:09] [#]} 29. Bf4 Rcd8 30. Qg4 (30. Nc7 $16 Qc8
31. Nxd5) 30... Qc8 $14 31. Bxh6 a6 32. Nd4 {[%emt 0:00:16] 0x0.0002df01800adp-1022s more active pieces.}
Nxd4 33. cxd4 Re7 (33... Rc7
$14 34. Qxc8 Rdxc8) 34. Qg3 $36 {[%emt 0:01:11] White has strong initiative.}
Rde8 35. Rxe7 Rxe7 36. Rc1 Qe6 37. Bg5 Re8 38. Bf4 Qf5 39. Be5 Kh7 40. Qg5 Qxg5 41. hxg5 {
[%emt 0:30:01] Endgame KRB-KRB} Kg6 42. Rc7 Be7 (42... Bb4 $16 {is a better defense.}) 43. Rc6+ $18 Kf5 44. Rxb6 Bxg5 45. Rxa6 f6 46. Bc7 {[%emt 0:06:31]
Hoping for b4.} Re1+ 47. Kh2 Rb1 48. Rb6 {[%emt 0:00:00] Strongly threatening a5.} Ke4 $2 (48... Bd2 $16 {keeps fighting.}) 49. a5 Ra1 50. a6 Bd2 51. Rc6 Bb4 52. f3+ Kd3 53. Kg3 Bc3 54. Kg4 Ra2 55.
Kf5 Bxd4 56. b4 Ba7 57. b5 d4 58. Rd6 (58. Bd8 $142) 58... Bc5 $2 (58... Ke2 59. Re6+ Kd3)
59. Rd8 Ke2 60. Re8+ Kf1 {
[%emt 0:00:53] [#]} 61. b6 $2 (61. Ke4 $1 $18) 61... Bxb6 $16 62. Bxb6 {[%emt 0:00:00] And now a7 would win.} Rxa6 63. Bxd4 {[%emt 0:00:00] aiming for g4.} Kxg2 {[%emt 0:00:04] KRB-KR}
64. Re3 {[%emt 0:00:00] Kg6 is the strong threat.} Ra5+ 65.
Ke4 {[%emt 0:00:40] Black must now prevent f4.} Kg3 66. Rb3 f5+ 67. Ke3 g5 68. Bb6 (68. Bc3 $14 {is superior.} f4+ 69. Ke4 Ra4+ 70.
Bd4) 68... Ra4 $11 {[%emt 0:00:55] The position is equal.} 69. Ke2 Ra2+ 70. Ke3 Ra4 71.
Bc7+ f4+ 72. Ke2 Ra2+ 73. Ke1 Ra1+ 74. Ke2 Ra2+ 75. Ke1 {[%emt 0:03:17] Black defended
with fortune. Weighted Error Value: White=0.12 (very precise) /Black=0.24 
(precise)} 1/2-1/2

[Event "44th Chess Olympiad Open 2022"]
[Site "Chennai"]
[Date "2022.07.29"]
[Round "1.40"]
[White "Wu, Bing-Shen"]
[Black "Nogerbek, Kazybek"]
[Result "0-1"]
[WhiteElo "1660"]
[BlackElo "2437"]
[Annotator "RC"]
[PlyCount "88"]
[EventDate "2022.??.??"]
[TimeControl "60"]

1. c4 c5 2. Nc3 Nc6 3. g3 g6 4. Bg2 Bg7 5. e4 Nf6 6. Nge2 O-O 7. O-O Ne8 8. d3 Nc7 9. Be3 Ne6 10. Rb1 Ned4 11. a3 a5 12. h3 d6 13. g4 e5 14. Ng3 Be6 15. Qd2 Nb3 16. Qd1 Nbd4 17. Qd2 Rb8 18. Bh6 f6 19. Bxg7 Kxg7 20. Kh2 b5 21. cxb5 Nxb5 22. Nd5 Nbd4 23. f4 exf4 24. Nxf4 Qe7 25. Rbe1 Ne5 26. Rf2 a4 27. Ref1 Kh8 28. Nxe6 Nxe6 29. Qc2 Nd4 30. Qd1 Rf7 31. Rd2 Rb3 32. Rff2 Qf8 33. Nf1 Qh6 34. Kg1 Qg5 35. Kh1 Ne6 36. Nh2 Qe3 37. Nf1 Qd4 38. Qc2 Nxd3 39. Rf3 c4 40. Ne3 Ng5 41. Rg3 Nxe4 42. Bxe4 Qxe4+ 43. Kg1 d5 44. Re2 Nf4 0-1

[Event "44th Chess Olympiad Open 2022"]
[Site "Chennai"]
[Date "2022.07.29"]
[Round "1.41"]
[White "Borisek, Jure"]
[Black "Ali Abdullahi, Farah"]
[Result "1-0"]
[WhiteElo "2577"]
[BlackElo "1892"]
[Annotator "RC"]
[PlyCount "61"]
[EventDate "2022.??.??"]
[TimeControl "60"]

1. e4 c5 2. Nf3 d6 3. d4 cxd4 4. Nxd4 a6 5. c4 Nf6 6. Nc3 e5 7. Nc2 Be7 8. Be2 Be6 9. O-O O-O 10. Be3 Qc7 11. b3 Nbd7 12. f3 Ne8 13.
Qd2 f6 14. Nb4 Rc8 15. Nbd5 Qd8 16. f4 Kh8 17. f5 Bg8 18. Rad1 Rc6 19. Rf3 Nb8 20. Rh3 Nc7 21. Bh5 Nxd5 22. exd5 Rc8 23. Bg6 Nd7 24. Ne4 Qc7 25. Bh6 Rf7 26. Bxf7 Bxf7 27. Bxg7+ Kxg7 28. Qh6+ Kg8 29. Rg3+ Bg6 30. fxg6 Bf8 31. Qxh7# 1-0

[Event "44th Chess Olympiad Open 2022"]
[Site "Chennai"]
[Date "2022.07.29"]
[Round "1.41"]
[White "Dobrovoljc, Vid"]
[Black "Nor, Mohamed Ahmed"]
[Result "1-0"]
[WhiteElo "2398"]
[BlackElo "1907"]
[Annotator "RC"]
[PlyCount "30"]
[EventDate "2022.??.??"]
[TimeControl "60"]

1. e4 c5 2. Nf3 Nc6 3. Bb5 Qc7 4. O-O e6 5. Re1 Nge7 6. c3 d5 7. exd5 Nxd5 8. d4 cxd4 9. Qxd4 Nf6 10. Bf4 Qd7 11. Qa4 a6 12. Ne5 axb5 13. Qxa8 Nxe5 14. Bxe5 Be7 15. Nd2 O-O 1-0

[Event "44th Chess Olympiad Open 2022"]
[Site "Chennai"]
[Date "2022.07.29"]
[Round "1.41"]
[White "Abdirahman Omar Sheikh"]
[Black "Sebenik Matej"]
[Result "1/2-1/2"]
[WhiteElo "2051"]
[BlackElo "2512"]
[Annotator "RC"]
[PlyCount "25"]
[EventDate "2022.??.??"]
[TimeControl "60"]

1. d4 Nf6 2. c4 g6 3. Nf3 Bg7 4. Nc3 O-O 5. e4 d6 6. Be2 e5 7. dxe5 dxe5 8. Qxd8 Rxd8 9. Bg5 c6 10. O-O Bg4 11. Rfd1 Na6 12. h3 Bxf3 13. Bxf3 1/2-1/2

[Event "44th Chess Olympiad Open 2022"]
[Site "Chennai"]
[Date "2022.07.29"]
[Round "1.42"]
[White "Henriquez Villagra, Cristobal"]
[Black "Namale, Ben Nguku"]
[Result "1-0"]
[WhiteElo "2620"]
[BlackElo "1962"]
[Annotator "RC"]
[PlyCount "59"]
[EventDate "2022.??.??"]
[TimeControl "60"]

1. e4 c6 2. d4 d5 3. f3 dxe4 4. fxe4 Qb6 5. Nf3 Nf6 6. e5 Ng8 7. Nbd2 Bf5 8. Nc4 Qc7 9. Bd3 Bxd3 10. Qxd3 e6 11. O-O h6 12. Bf4 Nd7 13. Bg3 b5 14. Ne3 Nb6 15. a4 Nxa4 16. b3 Nb6 17. Nd2 Ne7 18.
c4 Qd7 19. Ne4 Nec8 20. Bh4 bxc4 21. bxc4 Be7 22. Bxe7 Qxe7 23. c5 Nd7 24. Rf4 O-O 25. Ng4 h5 26. Ngf6+ Nxf6 27. Nxf6+ gxf6 28. Qg3+ Kh7 29. Rh4 Kh6 30. Qg4 1-0

[Event "44th Chess Olympiad Open 2022"]
[Site "Chennai"]
[Date "2022.07.29"]
[Round "1.42"]
[White "Lopez Silva, Hugo"]
[Black "Mukoko, Isaac"]
[Result "1-0"]
[WhiteElo "2403"]
[BlackElo "1805"]
[Annotator "ChessBase"]
[PlyCount "61"]
[EventDate "2022.??.??"]
[TimeControl "60"]

1. e4 c5 2. Nf3 d6 3. d4 cxd4 4. Nxd4 Nf6 5. Nc3 a6 6. Be3 e6 7. g4 h6 8. Bg2 e5 9. Nf5 g6 10. Nxh6 Bxh6 11. Bxh6 Nxg4 12. Bc1 Be6 13. h3 Nf6 14. Bg5 Qe7 15. Qf3 Nbd7 16. h4 Rc8 17. Bh3 b5 18. Nd5 Bxd5 19. Bxd7+ Kxd7 20. exd5 Rh5 21. Bxf6 Qf8 22. Qh3+ Kc7 23. O-O-O Kb7 24. Bg5 f6 25. Be3 Rc4 26. Qd7+ Rc7 27. Qg4 Qe8 28. Rhg1 Rg7 29. Qxh5 f5 30. Qxf5 gxf5 31. Rxg7+ 1-0

[Event "44th Chess Olympiad Open 2022"]
[Site "Chennai"]
[Date "2022.07.29"]
[Round "1.42"]
[White "Njoroge, Martin"]
[Black "Perez Gormaz, Matias"]
[Result "0-1"]
[WhiteElo "1973"]
[BlackElo "2387"]
[Annotator "RC"]
[PlyCount "76"]
[EventDate "2022.??.??"]
[TimeControl "60"]

1. d4 Nf6 2. c4 e6 3. Nf3 a6 4. Nc3 d5 5. cxd5 exd5 6. Bg5 Be6 7. e3 Nbd7 8. Bd3 Bd6 9. O-O O-O 10. Rb1 c6 11. b4 Qc7 12. h3 h6 13.
Bxf6 Nxf6 14. Qc2 Qe7 15. a3 a5 16. Qb2 Nd7 17. Rfe1 f5 18.
Ne2 Qf6 19. Nf4 axb4 20. axb4 Bf7 21. Bf1 Rae8 22. Qd2 g5 23. Nd3 g4 24. Nh2 g3 25. Nf3 Qg7 26. Nf4 Nf6 27. fxg3 Ne4 28.
Qc2 Qxg3 29. Ne5 Rxe5 30. dxe5 Bxe5 31. Bd3 d4 32. Bxe4 dxe3 33. Bxf5 Bxf4 34. Bh7+ Kh8 35. Qc5 Qh2+ 36. Kf1 Qh1+ 37. Ke2 Qxg2+ 38. Kd3 Qd2+ 0-1

[Event "44th Chess Olympiad Open 2022"]
[Site "Chennai"]
[Date "2022.07.29"]
[Round "1.42"]
[White "Hinga, Githinji"]
[Black "Morovic Fernandez, Ivan"]
[Result "0-1"]
[WhiteElo "1954"]
[BlackElo "2489"]
[Annotator "ChessBase"]
[PlyCount "70"]
[EventDate "2022.??.??"]
[TimeControl "60"]

1. e4 e5 2. Bc4 Nf6 3. Qe2 Nc6 4. Nf3 Be7 5. d3 O-O 6. c3 d5 7. exd5 Nxd5 8. Nxe5 Nxe5 9. Qxe5 Be6 10. O-O Re8 11. Qg3 c6 12. Nd2 Bd6 13. Qf3 Qh4 14. g3 Qh3 15. Ne4 Be7 16. Ng5 Bxg5 17. Bxg5 Bg4 18. Qg2 Qh5 19. h4 Bf3 20. Qh3 h6 21. Bc1 Bg4 22. Qh1 Be2 23. Bxd5 cxd5 24. Be3 Bxf1 25. Kxf1 Qf5 26. Ke2 d4 27. cxd4 Rac8 28. Rc1 Qh5+ 29. Kd2 Qa5+ 30. Kd1 Qb5 31. Rxc8 Qxd3+ 32. Ke1 Rxc8 33. Qxb7 Rc2 34. Qa8+ Kh7 35. Qf3 Rc1+ 0-1

[Event "44th Chess Olympiad Open 2022"]
[Site "Chennai"]
[Date "2022.07.29"]
[Round "1.43"]
[White "Stefansson, Hannes"]
[Black "Adu-Poku, Kwabena"]
[Result "1-0"]
[WhiteElo "2541"]
[BlackElo "1974"]
[Annotator "RC"]
[PlyCount "83"]
[EventDate "2022.??.??"]
[TimeControl "60"]

1. e4 e5 2. Nf3 Nc6 3. Bb5 a6 4. Ba4 Nf6 5. O-O Be7 6. d3 b5 7. Bb3 d6 8. a4 Bd7 9. c3 Na5 10. Bc2 c5 11. d4 Qb8 12. h3 O-O 13.
Bg5 Rd8 14. Nbd2 cxd4 15. cxd4 Nc6 16. axb5 axb5 17. Rxa8 Qxa8 18. d5 Nb4 19. Bb1 Rc8 20. Nb3 h6 21. Be3 Bd8 22. Ne1 Be8 23. f4 Nd7 24. Nf3 Bf6 25. Kh1 Qb8 26. fxe5 Nxe5 27. Nfd4 Bg5 28. Bxg5 hxg5 29. Qd2 Na6 30. Nf5 f6 31. Ne7+ Kh8 32. Nxc8 Qxc8 33. Rc1 Qd8 34. Qa5 Qxa5 35. Nxa5 Bd7 36. Nb7 Nf7 37. Bd3 Kg8 38. Be2 g6 39. Ra1 Nc5 40. Ra8+ Kg7 41. Nxc5 dxc5 42. Ra7 1-0

[Event "44th Chess Olympiad Open 2022"]
[Site "Chennai"]
[Date "2022.07.29"]
[Round "1.43"]
[White "Gretarsson, Helgi Ass"]
[Black "Fomevor, Cephas Clinton"]
[Result "1-0"]
[WhiteElo "2472"]
[BlackElo "1830"]
[Annotator "ChessBase"]
[PlyCount "61"]
[EventDate "2022.??.??"]
[TimeControl "60"]

1. c4 c6 2. Nf3 Nf6 3. b3 d5 4. e3 Bf5 5. Bb2 e6 6. Nh4 Bg4 7. Qc2 Ne4 8. g3 Nf6 9. h3 Bh5 10. Bg2 Be7 11. g4 Bg6 12. Nxg6 hxg6 13. g5 Nh5 14. h4 Nd7 15. Nc3 dxc4 16. bxc4 Ne5 17. Bf1 Nf3+ 18. Ke2 Nxg5 19. hxg5 Ng3+ 20. fxg3 Rxh1 21. Ne4 Rh2+ 22. Kf3 Bxg5 23. Bxg7 f5 24. Nxg5 Qxg5 25. Bg2 Rd8 26. Rg1 Qe7 27. Be5 c5 28. Kf2 Qd7 29. d4 b6 30. g4 Qe7 31. Bxh2 1-0

[Event "44th Chess Olympiad Open 2022"]
[Site "Chennai"]
[Date "2022.07.29"]
[Round "1.43"]
[White "Hasford, John Kojo"]
[Black "Gretarsson, Hjorvar Steinn"]
[Result "0-1"]
[WhiteElo "1976"]
[BlackElo "2563"]
[Annotator "RC"]
[PlyCount "88"]
[EventDate "2022.??.??"]
[TimeControl "60"]

1. d4 d6 2. c4 Nf6 3. Nc3 g6 4. Bf4 Bg7 5. Nf3 O-O 6. h3 Nbd7 7. e3 b6 8. Be2 Bb7 9. Qc2 e5 10. Bg3 Qe7 11. O-O exd4 12. exd4 Ne4 13. Nxe4 Bxe4 14. Qd2 Rae8 15. Rfe1 Qd8 16. Rad1 h6 17. h4 Nf6 18. Bf4 Kh7 19. Nh2 Bb7 20. Bf3 Ne4 21. Bxe4 Bxe4 22. f3 Bf5 23. Bg3 d5 24. b3 dxc4 25. bxc4 Bf6 26. Rxe8 Rxe8 27. Qf4 c5 28. Ng4 Bg7 29. d5 h5 30. Nf2 Be5 31. Qxe5 Rxe5 32. Bxe5 Qe8 33. Re1 b5 34. Ne4 Bxe4 35. Rxe4 bxc4 36. Bf4 Qa4 37. d6 Qd1+ 38. Kf2 c3 39. Rc4 Qd5 40. d7 Qxc4 41. d8=Q Qxf4 42. Qd3 Qxh4+ 43. Ke2 Qd4 44. Qc2 Kg7 0-1

[Event "44th Chess Olympiad Open 2022"]
[Site "Chennai"]
[Date "2022.07.29"]
[Round "1.43"]
[White "Anhwere, Bernard"]
[Black "Kjartansson, Gudmundur"]
[Result "0-1"]
[WhiteElo "1890"]
[BlackElo "2448"]
[Annotator "RC"]
[PlyCount "60"]
[EventDate "2022.??.??"]
[TimeControl "60"]

1. d4 Nf6 2. Nf3 b6 3. g3 Bb7 4. Bg2 g6 5. O-O Bg7 6. c4 O-O 7. Nc3 Ne4 8. Qc2 Nxc3 9. Qxc3 c5 10. Qd3 d6 11. Bg5 Nd7 12. Rad1 Rc8 13.
Be3 cxd4 14. Bxd4 e5 15. Bc3 e4 16. Qxd6 exf3 17. exf3 Bxc3 18. bxc3 Nc5 19. Qf4 Qc7 20. Qh6 Rcd8 21. Rd4 Rfe8 22. Rh4 f6 23. Rd4 Ne6 24. Rg4 Qg7 25. Qc1 f5 26. Rh4 Rd3 27. Re1 Qxc3 28.
Qb1 Red8 29. Bf1 Rd1 30. Rxd1 Qxf3 0-1

[Event "44th Chess Olympiad Open 2022"]
[Site "Chennai"]
[Date "2022.07.29"]
[Round "1.44"]
[White "Panjwani, Raja"]
[Black "Barcon, Harmon"]
[Result "1-0"]
[WhiteElo "2450"]
[BlackElo "1902"]
[Annotator "RC"]
[PlyCount "69"]
[EventDate "2022.??.??"]
[TimeControl "60"]

1. d4 Nf6 2. c4 e6 3. Nf3 d5 4. g3 Be7 5. Bg2 O-O 6. O-O c6 7. Nc3 Nbd7 8. b3 Re8 9. Qc2 a6 10. e4 dxe4 11. Nxe4 Nf8 12. Bb2 Qc7 13. Rad1 Bd7 14. Ne5 Rad8 15. Ng5 h6 16. Ngxf7 Rc8 17. Bh3 b5 18. c5 Nd5 19. Rde1 Bf6 20. Nd6 Rcd8 21. Nxd7 Qxd7 22. Nxe8 Rxe8 23. Re4 Qf7 24. Rfe1 Qg6 25. Qe2 Nc7 26. Qf3 Nd5 27. Bg4 Re7 28. Bc1 Qe8 29. Bf4 Qd7 30. Bd6 Re8 31. Bxf8 Kxf8 32. Rxe6 Rxe6 33. Rxe6 Qc7 34. Bh5 Ne7 35. Rxf6+ 1-0

[Event "44th Chess Olympiad Open 2022"]
[Site "Chennai"]
[Date "2022.07.29"]
[Round "1.45"]
[White "Gan-Erdene, Sugar"]
[Black "Lima, Osvaldo Dos Santos"]
[Result "1/2-1/2"]
[WhiteElo "2428"]
[BlackElo "1863"]
[Annotator "TA"]
[PlyCount "43"]
[EventDate "2022.??.??"]
[TimeControl "60"]

1. d4 Nf6 2. c4 g6 3. Nf3 Bg7 4. g3 d6 5. Bg2 Nc6 6. O-O O-O 7. Nc3 a6 8. Qd3 {[%emt 0:02:04] 8.Bf4 is setting a
new trend.} e5 9. dxe5 {[%emt 0:03:33] E63: King's Indian:
Fianchetto: Panno Variation with 7...a6.} (9. d5 {with more complications.} Ne7
10. e4 b5 11. Bg5) 9... Nxe5 (9... dxe5 {feels hotter.} 10.
Qxd8 Rxd8 11. Be3 Ng4) 10. Nxe5 dxe5 11. Qxd8
{[%emt 0:00:36] White is slightly better.} Rxd8 12. Bg5 {
[%emt 0:00:20] [#] aiming for Ne4.} h6 (12... Re8 $11 {
remains equal.}) 13. Bxf6 $16 Bxf6 14. Nd5 Bg7 15. Nxc7 ({Don't take} 
15. Ne7+ Kf8 16. Nxc8 Raxc8 $11) 15... Rb8 {[%emt 0:00:07] [#]} 16. Nd5 $146 ({Predecessor:} 16. e4 Rd4 17. b3 Be6 18. Rfd1 Rc8 19. Rxd4
exd4 20. Nxe6 fxe6 21. e5 Rc7 22. f4 {1-0 (40) Martynkova,O (2202)-Vernigora,A
(1610) Lvov 2017}) 16... Be6 17. Rfd1 Kf8 18. Rac1 f5 19. e4 {[%emt 0:
00:00] White is more active.} f4 20. b4 g5 21. c5 Bd7 22. Bf1 {[%emt 0:
00:00] Weighted Error Value: White=0.04 (flawless) /Black=0.12 (very precise)}
1/2-1/2

[Event "44th Chess Olympiad Open 2022"]
[Site "Chennai"]
[Date "2022.07.29"]
[Round "1.45"]
[White "Amartuvshin, Ganzorig"]
[Black "Alegre, Fabio Costa"]
[Result "1-0"]
[WhiteElo "2409"]
[BlackElo "1809"]
[Annotator "RC"]
[PlyCount "20"]
[EventDate "2022.??.??"]
[TimeControl "60"]

1. d4 Nf6 2. c4 e6 3. Nf3 d5 4. Nc3 c6 5. e3 Bd6 6. Qc2 Nbd7 7. Bd3 dxc4 8.
Bxc4 b5 9. Be2 Bb7 10. O-O a6 1-0

[Event "44th Chess Olympiad Open 2022"]
[Site "Chennai"]
[Date "2022.07.29"]
[Round "1.45"]
[White "Pereira, Sergio Murilo de Ar"]
[Black "Batsuren, Dambasuren"]
[Result "0-1"]
[WhiteElo "2093"]
[BlackElo "2518"]
[Annotator "RC"]
[PlyCount "53"]
[EventDate "2022.??.??"]
[TimeControl "60"]

1. e4 Nc6 2. Nf3 d6 3. d4 Nf6 4. d5 Nb8 5. Nc3 c6 6. h3 g6 7. dxc6 Nxc6 8. Bc4 Bg7 9. e5 Nxe5 10. Nxe5 dxe5 11. Qxd8+ Kxd8 12. Be3 Bd7 13. O-O-O Kc7 14. Bc5 Bf8 15. Rhe1 b6 16. Ba3 e6 17. Bxf8 Rhxf8 18. Rxe5 Bc6 19. g4 Rad8 20. g5 Nh5 21. Nb5+ Bxb5 22. Rxd8 Rxd8 23. Bxb5 Rd4 24. Re3 Rd5 25. Be8 Rf5 26. Rd3 Ng7 27. Ra3 0-1

[Event "44th Chess Olympiad Open 2022"]
[Site "Chennai"]
[Date "2022.07.29"]
[Round "1.46"]
[White "Priasmoro, Novendra"]
[Black "Lau, Lut Yin Luke"]
[Result "1/2-1/2"]
[WhiteElo "2494"]
[BlackElo "2027"]
[Annotator "TA"]
[PlyCount "64"]
[EventDate "2022.??.??"]
[TimeControl "60"]

1. e4 e5 2. Nf3 Nf6 3. Nxe5 d6 4. Nf3 Nxe4 5. d4 d5 6. Bd3 Bd6 7. O-O O-O 8. c4 c6 9. Re1 Bf5 10. Qb3 Nd7 {[%emt 0:00:
00][%cal Yd7c5] C42: Petroff Defence: 3 Nxe5 and unusual White 3rd moves.} 11.
cxd5 Nec5 12. dxc5 Nxc5 {
[%emt 0:00:03] [#] White is slightly better.} 13. Bxf5 $1 Nxb3 14. axb3 cxd5 15. Nc3 Qb6 16. Be3 {[%emt 0:30:42] Prevents d4.} Qxb3 17. Nd4 {[%emt 0:17:07] [#] 0x0.00144b4ef3cedp-1022s more
active pieces. The black rooks are badly placed.} Qxb2 $146 ({
Predecessor:} 17... Qc4 18. Ra4 Qc7 19. g3 Qd8 20. Rd1 Re8 21. Nf3 Qf6 22. Rxd5
Be5 23. Nxe5 Qxf5 {½-½ (30) Lagno,K (2552)-Muzychuk,M (2552) Saint Louis 2020
}) 18. Rec1 (18. Nxd5 $16 {Threatens to win with Reb1.} Be5
19. Reb1 Bxd4 20. Rxb2 Bxb2 21. Rb1 (21. Rxa7 Rxa7 22. Bxa7 Ra8 $15)) 18... Be5
$11 19. Rab1 $1 {[%emt 0:03:20] The board is on fire.} Qa3 20. Ndb5 Qa5 21.
Nxd5 a6 (21... Rad8 $5 22. Rd1
Rfe8 $11) 22. Rc5 (22. Bb6 $14 Qd2 23. Nbc3 Bxc3 24. Nxc3)
22... Qd8 (22... axb5 $15 23. Ne7+ Kh8 24. Rxe5 Qc7) 23. f4 (23. Nbc7 $11 Rb8 24. g3) 23... Bxf4 24. Bxf4
{[%emt 0:00:41] Black must now prevent Nd6.} axb5 25. Bc7 {
[%emt 0:02:59] A strong pair of Bishops.} Qh4 26. Bg3 Qh6 ({Better is} 26... Qd4+ $17 27. Bf2 Qd2)
27. Bf4 Qa6 {[%emt 0:01:59] Hoping for ...Rfe8.} 28. Rcxb5 Rad8 {[%emt 0:01:08][%cal Yd8d5] ...Rxd5! is the strong threat.
} 29. Bc7 $2 {[%emt 0:01:33] [#] This move loses the game for White.} ({But not
} 29. Ne7+ Kh8 30. Bg3 Rd1+ $3 31. Rxd1 Qxb5 $17) (29. Bg3 $11 {and White is
okay.}) 29... Rxd5 $1 $19 {[%emt 0:01:28] Black has a decisive advantage.} 30.
Rxd5 Qc6 31. Rdb5 Qxc7 32. Be4 Rb8 {[%emt 0:01:24]
Weighted Error Value: White=0.48/Black=0.17 (very precise) . An unexpected
result.} 1/2-1/2

[Event "44th Chess Olympiad Open 2022"]
[Site "Chennai"]
[Date "2022.07.29"]
[Round "1.46"]
[White "Ervan, Mohamad"]
[Black "Nissinen, Niilo Man"]
[Result "1/2-1/2"]
[WhiteElo "2402"]
[BlackElo "1693"]
[Annotator "TA"]
[PlyCount "109"]
[EventDate "2022.??.??"]
[TimeControl "60"]

1. e4 c5 2. Nf3 Nc6 3. d4 cxd4 4.
Nxd4 Nf6 5. Nc3 e5 6. Ndb5 d6 7. Na3 Bg4 {[%emt 0:00:14] B33: Sicilian: Pelikan and Sveshnikov Variations.} 8. f3 Be6 9. Bg5 Be7 $1 {[%emt 0:
00:00][%cal Yf8e7,Ye7f6,Yf6h4] Black has an edge.} 10. Nc4 O-O 11. Bxf6 Bxf6 12. Qxd6 ({White should play} 12. Ne3 $15) 12... Bh4+ $1 $19 13. g3 Qf6 {[%emt 0:00:10] [#] Black has strong
compensation.} 14. Qd1 $146 (14. gxh4 $2 Qxh4+ 15. Kd1 Rad8
$19) (14. Qd2 $17 {was necessary.} Bg5 15. Qf2) ({Predecessor:} 14. O-O-O Rfd8
15. Qc5 Rxd1+ 16. Nxd1 Qxf3 17. Nf2 Nd4 18. gxh4 Qxf2 {0-1 (18) O'Donnell,
K-Horvath,D IECG email 2003}) 14... Qh6 $1 {[%emt 0:00:00][%cal Yh4g3] And now
...Bxg3+! would win.} 15. Kf2 (15. Rg1 b5 16. gxh4 (16. Nxb5
$2 Rad8 $19) 16... Qxh4+ 17. Rg3 Qxh2 $19) 15... Rad8 $1 (
15... Bxg3+ 16. Kxg3 f5 17. exf5 (17. Kf2 Rad8 $17) 17... Rxf5 18. Nd2 Qf4+ 19.
Kg2 Qg5+ 20. Kf2 Qh4+ 21. Ke3 $19) 16. Nd5 f5 17. Kg2 (17. gxh4 $2 fxe4 18. Rg1 Qxh4+ 19. Kg2
exf3+ 20. Kh1 Bxd5) 17... fxe4 18. fxe4 Qg6 19. Bd3 Bg4 ({Weaker is} 
19... Qf7 20. Rf1 Qg6 21. Rxf8+ (21. Kh1 Bg4 $11) 21... Rxf8 22. Qg1 $14) 20.
Qe1 Bf3+ 21. Kg1 Rd7 22. Nce3 $2 (22. a4 {was called for.}) 22...
Nd4 23. c3 Ne6 24. Nf5 {[%emt 0:02:52] [#]} Bd8 {[%emt 0:00:29] aiming for ... Rxd5.} 25. Qe3 Ng5 {[%emt 0:03:06] Strongly threatening ... Rxd5.} 26. h4 {
[%emt 0:05:01] [#]} Bxe4 $1 {[%emt 0:00:33] A strong pair of Bishops.} 27. hxg5 Bxd3 28. Qxd3 {[%emt 0:00:15] Hoping for Rf1.
} Qxf5 (28... Rxf5 $19 29. Qc4 (29. Nf6+ $2 gxf6 30. Qc4+ Kh8
$19) 29... Qe6) 29. Qxf5 $17 Rxf5 30. Rd1 {
[%emt 0:00:58][%cal Yd5f6] [#]} Rdf7 {[%emt 0:00:00] Inhibits Nf6+.} 31. g6 hxg6 32. Rh2 Bg5 (32... Rf3 $17 33. Rg2 e4) 33. Re2 $11 Rf3 34. Kg2 e4 35. Rd4 e3 {[%emt 0:01:07] ...Rf2+ is the strong threat.} 36. Nf4 Rf2+ 37. Rxf2 exf2 38.
Kxf2 {[%emt 0:00:57] Endgame KRB-KRN} Bf6 $1 39. Rd5 g5 40. Ne6 Bxc3+ 41.
Kg2 Bf6 {[%emt 0:31:07] Prevents Rd8+.} 42. Nxg5 Rc7 43. Ne4 Rc2+ (43...
Bxb2 $17 44. Rb5 Bd4) 44. Kf3 Bxb2 45. Rd7 Be5 46. Re7 Bd4 47. Ng5 {[%emt 0:00:11][%cal Re7e8] The position is equal.} Kf8 {[%emt 0:
00:00] Against Re8+} 48. Rxb7 {[%emt 0:00:00] Black must now prevent Ne6+.} Rc6
{[%emt 0:00:00] Inhibits Ne6+.} 49. Ke4 Bb6 50. Ke5 Rg6 51. Ne6+ Kg8 52. Rb8+ Kf7 53. Rb7+ Kg8 54. Rb8+ Kf7 55. Rb7+ {[%emt 0:00:00] Whites escaped into a draw. Weighted Error Value:
White=0.35/ Black=0.24 (precise)} 1/2-1/2